 Dungeon Crawl Stone Soup version 0.18.1-6-gd335043 (webtiles) character file.

702 Hipnos the Firebug (level 7, -11/33 (36) HPs)
             Began as a Deep Elf Fire Elementalist on May 15, 2016.
             Shot with an arrow by a centaur (12 damage)
             ... on level 5 of the Dungeon.
             The game lasted 00:13:21 (4750 turns).

Hipnos the Firebug (Deep Elf Fire Elementalist)     Turns: 4750, Time: 00:13:22

HP:   -11/33 (36)   AC:  3    Str:  7    XL:     7   Next: 38%
MP:   0/18          EV: 13    Int: 22    God:
Gold: 202           SH:  0    Dex: 17    Spells: 4 memorised, 8 levels left

rFire  . . .     SeeInvis .     v - +13 Scythe of Curses {drain, *Curse} (curse)
rCold  . . .     Gourm    .     a - +0 robe (curse)
rNeg   . . .     Faith    .     (shield currently unavailable)
rPois  .         Spirit   +     (no helmet)
rElec  .         Dismiss  .     h - +0 cloak (curse)
rCorr  .         Reflect  .     (no gloves)
SustAt .         Harm     .     (no boots)
MR     .....                    s - amulet of guardian spirit (curse)
Stlth  ++........               (no ring)
                                (no ring)

@: lethally poisoned (-11 -> -12), not resistant to hostile enchantments,
unstealthy
A: agile 1, blink, strong 1
a: Blink


You were on level 5 of the Dungeon.
You were not hungry.

You visited 1 branch of the dungeon, and saw 5 of its levels.

You collected 202 gold pieces.

Inventory:

Hand Weapons
 e - a cursed -2 short sword
 t - a cursed +0 rapier
 v - the cursed +13 Scythe of Curses (weapon) {drain, *Curse}
   (You found it on level 4 of the Dungeon)

   A truly terrible weapon, it drains the life of those it strikes.
   It may re-curse itself when equipped.
   It has a curse placed upon it.
Armour
 a - a cursed +0 robe (worn)
 h - a cursed +0 cloak (worn)
Jewellery
 s - a cursed amulet of guardian spirit (around neck)
Scrolls
 k - 2 scrolls of teleportation {unknown}
 n - 2 scrolls of noise {unknown}
 p - 4 scrolls of remove curse
 r - a scroll of amnesia {unknown}
Potions
 f - a potion of mutation
 g - a potion of curing {unknown}
 i - a potion of cure mutation {unknown}
 j - a potion of haste
 q - 2 potions of ambrosia
 u - a potion of agility {unknown}
 x - a potion of lignification {unknown}
Books
 b - a book of Flames

   Spells                             Type                      Level
   a - Flame Tongue                   Conjuration/Fire             1
   b - Throw Flame                    Conjuration/Fire             2
   c - Conjure Flame                  Conjuration/Fire             3
   d - Inner Flame                    Hexes/Fire                   3
   e - Sticky Flame                   Conjuration/Fire             4
   f - Fireball                       Conjuration/Fire             5
Comestibles
 c - 3 bread rations
 d - a meat ration
 l - 6 fruits
 m - 2 chunks of flesh
 o - 2 slices of pizza
 w - 2 beef jerkies


   Skills:
 * Level 1.2 Polearms
 - Level 2.4 Dodging
 - Level 2.4 Stealth
 + Level 6.3 Spellcasting
 + Level 3.4 Conjurations
 * Level 7.1 Fire Magic


You had 8 spell levels left.
You knew the following spells:

 Your Spells              Type           Power        Failure   Level  Hunger
a - Flame Tongue          Conj/Fire      ####.        1%          1    None
b - Throw Flame           Conj/Fire      ####..       1%          2    None
c - Conjure Flame         Conj/Fire      ####....     3%          3    #......
d - Sticky Flame          Conj/Fire      ####....     12%         4    ###....


Dungeon Overview and Level Annotations

Branches:
Dungeon (5/15)
 Temple: D:4-7

Altars:
Kikubaaqudgha
Qazlal
Yredelemnul
Zin


Innate Abilities, Weirdness & Mutations

You are agile. (Dex +2)
You can translocate small distances at will.
Your muscles are strong. (Str +2)


Message History

The puff of flame misses the centaur.
The adder burns!
You kill the adder!
The centaur shoots an arrow.
The arrow barely misses you.
The centaur shoots an arrow.
The arrow closely misses you.
The centaur shoots an arrow.
The arrow misses you.
The centaur shoots an arrow.
The arrow misses you.
You see here 2 arrows.
You feel sick.
You feel sick.
The centaur shoots an arrow.
The arrow hits you!
* * * LOW HITPOINT WARNING * * *
The centaur shoots an arrow.
The arrow misses you.
You see here an arrow.
The centaur shoots an arrow.
The arrow hits you!
* * * LOW HITPOINT WARNING * * *
You see here 2 arrows.
Drink which item? (? for menu, Esc to quit)
It was a potion of mutation.
You feel extremely strange.
You feel agile.
You feel stronger.
You feel jittery.
The centaur shoots an arrow.
The arrow hits you!
You die...

#.###...(...## #......# #
##.###.....c# #......# #
#.###...(.(## #....#..# #
#..##.......## ##....##.#######
##....#..##..###....##.........
#...##.####..#....###..###....
#...#### #.......##..## #.
###..## ##.(...##...# #..##.##
##@.......##
#.###..#######..#...#..# #.#
##....##..####.###.## ###
##.###..## ### #..# ### ####
##.# #.# ###


You could see a centaur.

Vanquished Creatures
  The ghost of Cenon the Changer, an amateur OpTm (D:4)
  A sky beast (D:5)
  An ogre (D:4)
  Blork the orc (D:4)
  A scorpion (D:4)
  A crimson imp (D:5)
  A hound (D:4)
  A centaur skeleton (D:4)
  6 adders
  3 gnolls (D:4)
  A shadow imp (D:3)
  2 worms (D:2)
  5 dart slugs
  3 giant geckos
  11 orcs
  A ball python (D:1)
  5 bats
  2 giant cockroaches
  9 goblins
  5 hobgoblins
  12 jackals
  6 kobolds
  A quokka (D:3)
  6 giant newts
  8 rats
94 creatures vanquished.

Vanquished Creatures (others)
  A human (D:2)
1 creature vanquished.

Grand Total: 95 creatures vanquished

Notes
Turn   | Place    | Note
--------------------------------------------------------------
     0 | D:1      | Hipnos the Deep Elf Fire Elementalist began the quest for the Orb.
     0 | D:1      | Reached XP level 1. HP: 10/10 MP: 6/6
   266 | D:1      | Reached XP level 2. HP: 15/15 MP: 5/8
   273 | D:1      | Learned a level 2 spell: Throw Flame
   319 | D:1      | Reached skill level 4 in Fire Magic
   589 | D:1      | Reached XP level 3. HP: 12/19 MP: 10/10
  1031 | D:2      | Found an ancient bone altar of Kikubaaqudgha.
  1034 | D:2      | Noticed a human
  1035 | D:2      | Killed a human
  1364 | D:2      | Found a stormy altar of Qazlal.
  1665 | D:2      | Reached XP level 4. HP: 24/24 MP: 8/11
  1671 | D:2      | Learned a level 3 spell: Conjure Flame
  1676 | D:2      | Learned a level 4 spell: Sticky Flame
  1698 | D:2      | Reached skill level 5 in Fire Magic
  2535 | D:3      | Found a glowing silver altar of Zin.
  2833 | D:3      | Found a basalt altar of Yredelemnul.
  3416 | D:4      | Noticed Cenon's ghost (amateur OpTm)
  3591 | D:4      | Noticed an ogre
  3600 | D:5      | Entered Level 5 of the Dungeon
  3791 | D:4      | Killed an ogre
  3791 | D:4      | Reached XP level 5. HP: 28/28 MP: 9/14
  3850 | D:4      | Reached skill level 5 in Spellcasting
  3850 | D:4      | Reached skill level 6 in Fire Magic
  3850 | D:4      | Reached XP level 6. HP: 32/32 MP: 7/15
  3931 | D:4      | Noticed Blork the orc
  4095 | D:4      | Killed Blork the orc
  4170 | D:4      | Killed Cenon's ghost
  4170 | D:4      | Reached XP level 7. HP: 22/33 MP: 9/17
  4529 | D:5      | Reached skill level 1 in Polearms
  4529 | D:5      | Reached skill level 7 in Fire Magic
  4661 | D:5      | Got a brightly glowing scale mail
  4663 | D:5      | Identified the cursed +1 scale mail "Daatsotife" {*Corrode rElec rF+++ MP-9} (You found it on level 5 of the Dungeon)
  4749 | D:5      | HP: 1/33 [centaur/arrow (5)]
  4750 | D:5      | Gained mutation: You are agile. (Dex +2) [potion of mutation]
  4750 | D:5      | Gained mutation: Your muscles are strong. (Str +2) [potion of mutation]
  4750 | D:5      | Gained mutation: You can translocate small distances at will. [potion of mutation]
  4750 | D:5      | Shot with an arrow by a centaur

Skill      XL: |  1  2  3  4  5  6  7 |
---------------+----------------------+-----
Fire Magic     | 4 5 6 7 |  7.1
Spellcasting   | 4 5 6 |  6.3
Conjurations   | 2 3 |  3.4
Polearms       | 1 |  1.2
Dodging        | |  2.4
Stealth        | |  2.4

Action                   |  1- 3 |  4- 6 |  7- 9 || total
-------------------------+-------+-------+-------++-------
Melee: Unarmed           |     4 |       |       ||     4
       Short sword       |    83 |    37 |       ||   120
       Scythe            |       |    17 |    21 ||    38
 Cast: Flame Tongue      |    45 |    69 |     1 ||   115
       Sticky Flame      |       |     2 |     1 ||     3
       Conjure Flame     |       |     2 |       ||     2
       Throw Flame       |       |       |     1 ||     1
  Use: Scroll            |     1 |     4 |     1 ||     6
       Potion            |       |       |     1 ||     1
 Stab: Sleeping          |     8 |     3 |       ||    11
  Eat: Chunk             |     2 |     8 |     2 ||    12
Armor: Robe              |    26 |    25 |     6 ||    57
Dodge: Dodged            |    98 |    79 |    41 ||   218
